 Seeded DCSS version 0.30.0-29-ga12c61a403 (webtiles) character file.

Game seed: 7229806256980976716 (custom seed)

5 OTABOTABOTAB the Conjurer (level 1, 10/10 HPs)
             Began as a Deep Elf Conjurer on June 25, 2023.
             Quit the game on level 1 of the Dungeon.
             The game lasted 00:01:13 (243 turns).

OTABOTABOTAB the Conjurer (Deep Elf Conjurer)        Turns: 243, Time: 00:01:13

Health: 10/10      AC:  2    Str:  8    XL:     1   Next: 66%
Magic:  6/6        EV: 11    Int: 22    God:
Gold:   30         SH:  6    Dex: 13    Spells: 5/6 levels left

rFire   . . .        f - +0 dagger
rCold   . . .        c - +3 warlock's mirror {omnireflect}
rNeg    . . .        a - +0 robe
rPois   .            (no helmet)
rElec   .            (no cloak)
rCorr   .            (no gloves)
SInv    .            (no boots)
Will    .....        (no amulet)
Stlth   ++           d - ring "Rueritad" {Wiz Str+4}
HPRegen 0.21/turn    (no ring)
MPRegen 0.10/turn

%: reflection, wizardry (x1)
@: no status effects
A: no striking features
a: no special abilities


You were on level 1 of the Dungeon.
You visited 1 branch of the dungeon, and saw 1 of its levels.

You collected 30 gold pieces.

Inventory:

Hand Weapons
 f - a +0 dagger (weapon)
   (You took it off a goblin on level 1 of the Dungeon)
Missiles
 s - 5 stones
Armour
 a - a +0 robe (worn)
 c - the +3 warlock's mirror (worn) {omnireflect}
   (You acquired it on level 1 of the Dungeon)

   Omnireflect: It can block and reflect piercing ranged attacks and magical
   attacks against the wielder's willpower.
Jewellery
 d - the ring "Rueritad" (left hand) {Wiz Str+4}
   (You acquired it on level 1 of the Dungeon)

   [ring of wizardry]

   It improves your spell success rate.
   Str:       It affects your strength (+4).
Scrolls
 b - 2 scrolls of amnesia {unknown}
 e - a scroll of teleportation {unknown}
Potions
 M - a potion of magic


   Skills:
 - Level 2.4 Dodging
 - Level 2.4 Stealth
 + Level 3.3 Spellcasting
 + Level 4.5 Conjurations


You had 5 spell levels left.
You knew the following spells:

 Your Spells              Type           Power      Damage    Failure   Level
a - Magic Dart            Conj           92%        1d7       1%          1

Your spell library contained the following spells:

 Spells                   Type           Power      Damage    Failure   Level
 Searing Ray              Conj           46%        2d6       1%          2
 Dazzling Flash           Conj/Hex       26%        N/A       9%          3
 Cigotuvi's Dreadful Rot  Necr/Pois/Air  6%         N/A       12%         2
 Ignite Poison            Fire/Tmut/Pois 3%         N/A       22%         3
 Fulminant Prism          Conj/Hex       6%         3d7       28%         4
 Iskenderun's Mystic Bla  Conj/Tloc      13%        2d5       28%         4
 Freezing Cloud           Conj/Ice/Air   5%         6-21      71%         5


Dungeon Overview and Level Annotations

Branches:
Dungeon (1/15)

Altars:


Message History

Bad channel name 'Jiyva says' for runrest: 'Jiyva says: Divide and consume' Welcome, OTABOTABOTAB the Deep Elf Conjurer.
Game seed: 7229806256980976716 (custom seed)
Found a faded altar of an unknown god.
Found two stairs.
You open the door.
There is an open door here.
You now have 17 gold pieces.
b - 2 scrolls labelled FUSKUR VIKLOEP A quokka comes into view.
c - 3 scrolls labelled RAGIOR NADERHA This is a scroll of acquirement!
Something appears at your feet!
You see here a Trismegistus Codex.
Something appears at your feet! Something appears at your feet!
c - the +3 warlock's mirror {omnireflect}
d - the ring "Rueritad" {Wiz Str+4} You pick up a Trismegistus Codex and begin reading...
You add the spells Cigotuvi's Dreadful Rot, Ignite Poison and Freezing Cloud to your library.
You feel stronger.
d - the ring "Rueritad" (left hand) {Wiz Str+4} You start putting on your armour.
You continue putting on the +3 warlock's mirror {omnireflect}. x4
You finish putting on the +3 warlock's mirror {omnireflect}.
Okay, then.
s - 3 stones
e - a scroll labelled WUBBUN RUOS A giant cockroach comes into view.
You throw a stone.
The stone hits the giant cockroach but does no damage.
You throw a stone.
The stone hits the giant cockroach but does no damage.
You throw a stone.
The stone hits the giant cockroach but does no damage.
The giant cockroach bites you.
You take 1 damage, and have 9/10 hp.
You barely miss the giant cockroach. The giant cockroach bites you.
You barely miss the giant cockroach. You block the giant cockroach's attack.
Okay, then.
Press: ? - help, Q - select action, (/) - cycle Shift-Dir - straight line, f/p - giant cockroach
Aim: a giant cockroach (100% to hit)
You miscast Magic Dart.
You are very lightly contaminated with residual magic.
Nothing appears to happen.
The giant cockroach bites you.
You take 1 damage, and have 8/10 hp.
You now have 5/6 mp.
Press: ? - help, Q - select action, (/) - cycle Shift-Dir - straight line, f/p - giant cockroach
Aim: a giant cockroach (100% to hit)
The magic dart hits the giant cockroach.
The giant cockroach closely misses you.
You now have 4/6 mp.
Press: ? - help, Q - select action, (/) - cycle Shift-Dir - straight line, f/p - giant cockroach
Aim: a giant cockroach (almost dead, 100% to hit)
The magic dart hits the giant cockroach.
You kill the giant cockroach!
You now have 3/6 mp.
Your magical contamination has completely faded away.
No target in view!
A goblin and a ball python come into view.
Health restored: 10; MP restored: 6 The magic dart hits the ball python.
You kill the ball python!
The goblin shouts!
You hear a bark!
You now have 5/6 mp.
The magic dart hits the goblin!
You kill the goblin!
A jackal comes into view.
You now have 4/6 mp.
A jackal is nearby!
The magic dart hits the jackal.
You now have 3/6 mp.
The magic dart hits the jackal.
You kill the jackal!
You now have 2/6 mp.
You now have 30 gold pieces (gained 13).
f - a +0 dagger You see here a goblin corpse.
MP restored: 6
f - a +0 dagger (weapon)
A bat comes into view.
The magic dart hits the bat but does no damage.
You now have 5/6 mp.
The magic dart hits the bat.
You kill the bat!
You now have 4/6 mp.
No target in view!
A bat comes into view.
The bat moves out of view.
You see here a bat corpse.
s - 5 stones
Found an escape hatch in the floor.
MP restored: 6 No target in view!

#..#! .# # #.#.#
.# #.##.#.# >#
#.#....# .# .
...#..# .# ..
#....# .#
#.##.#.##.#
#.......@.#
#.......###
...###[#..######
...#..†....#
.......#####.#
#..##.#.# #.##
## ##. #.#.#
#..# #. #
#.#.######.# #.
#.#....# #.#
######.#


There were no monsters in sight!

Vanquished Creatures
  A giant cockroach (D:1)
  A goblin (D:1)
  A jackal (D:1)
  A ball python (D:1)
  A bat (D:1)
5 creatures vanquished.

Notes
Turn   | Place    | Note
-------+----------+-------------------------------------------
     0 | D:1      | OTABOTABOTAB the Deep Elf Conjurer began the quest for the
                  | Orb.
     0 | D:1      | Reached XP level 1. HP: 10/10 MP: 6/6
    46 | D:1      | Identified 3 scrolls of acquirement
    46 | D:1      | Acquired the +3 warlock's mirror {omnireflect}
    46 | D:1      | Found the +3 warlock's mirror {omnireflect}
    47 | D:1      | Acquired a Trismegistus Codex
    48 | D:1      | Acquired the ring "Rueritad" {Wiz Str+4}
   243 | D:1      | Quit the game

Illustrated notes

Levels and vault maps discovered:
D:1:      spicycebolla_arrival_ecumenical, layout_loops_ring

Action                     || total
---------------------------++-------
  Melee: Unarmed           ||     2
  Throw: Stone             ||     3
   Cast: Magic Dart        ||     8
    Use: Scroll            ||     3
  Dodge: Dodged            ||     1
  Block: Buckler           ||     1

Levels and vault maps discovered:
D:1:      spicycebolla_arrival_ecumenical, layout_loops_ring

Table legend: (Time is in decaauts)
 A = Elapsed time spent in this place.
 B = Non-inter-level travel time spent in this place.
 C = Inter-level travel time spent in this place.
 D = Time resting spent in this place.
 E = Time spent auto-exploring this place.
 F = Levels seen in this place.
 G = Mean time per level.
                   A        B        C        D        E       F      G
               +--------+--------+--------+--------+--------+-----+--------+
         Total |    242 |    242 |      0 |      0 |    185 |   1 |  242.0 |
       Dungeon |    242 |    242 |      0 |      0 |    185 |   1 |  242.0 |
               +--------+--------+--------+--------+--------+-----+--------+

Top non-repeatable levels by time:
     D:1: 242 daAuts

Table legend:
 A = Kills in this place as a percentage of kills in the entire game.
 B = Kills by you in this place as a percentage of kills by you in the entire game.
 C = Kills by friends in this place as a percentage of kills by friends in the entire game.
 D = Other kills in this place as a percentage of other kills in the entire game.
 E = Experience gained in this place as a percentage of experience gained in the entire game.
 F = Experience gained in this place divided by the number of levels of this place that you have seen.
                   A       B       C       D       E      F
               +-------+-------+-------+-------+-------+----------------------
         Total | 100.0 | 100.0 |   N/A |   N/A | 100.0 |   8.0
       Dungeon | 100.0 | 100.0 |   N/A |   N/A | 100.0 |   8.0
               +-------+-------+-------+-------+-------+----------------------
